 Dungeon Crawl Stone Soup version 0.16-a0-3171-gce70061 (webtiles) character file.

27733 Johnny the Quickloader (level 13, -2/105 HPs)
             Began as a Human Hunter on Dec 16, 2014.
             Was the Champion of Okawaru.
             Killed from afar by a frost giant (28 damage)
             ... with a bolt of cold
             ... in an ice cave.
             The game lasted 00:52:56 (16942 turns).

Johnny the Quickloader (Human Hunter)              Turns: 16942, Time: 00:52:57

Health: -2/105     AC: 21    Str: 13    XL:     13   Next: 68%
Magic:  13/13      EV: 11    Int: 12    God:    Okawaru [******]
Gold:   320        SH:  0    Dex: 18    Spells: 1 memorised, 10 levels left

rFire  + + .     SeeInvis .     F - +2 arbalest (flame)
rCold  + . .     Clarity  .     R - +0 chain mail {rC+}
rNeg   + . .     SustAb   .     (no shield)
rPois  +         Gourm    .     Q - +4 helmet of the Pits of Slime {rF++ Slay+2}
rElec  .         Spirit   .     h - +1 cloak {rPois}
rCorr  .         Warding  .     q - +0 pair of gloves
rMut   .         Stasis   .     p - +0 pair of boots
MR     +....                    (no amulet)
Stlth  ..........               B - ring of positive energy
                                X - ring of protection from magic

@: about to teleport, somewhat resistant to hostile enchantments, extremely
unstealthy
A: wild magic 1
a: Heroism, Finesse, Renounce Religion


You were in an ice cave.
You worshipped Okawaru.
Okawaru was exalted by your worship.
You were hungry.

You visited 4 branches of the dungeon, and saw 17 of its levels.
You also visited: Sewer and Ice Cave.

You collected 655 gold pieces.
You spent 335 gold pieces at shops.

Inventory:

Hand weapons
 s - a +0 trident of protection
 F - a +2 arbalest of flaming (weapon)
 H - a +2 halberd of chopping
Missiles
 f - 4 silver bolts
 r - 4 bolts
 u - 10 poisoned bolts (quivered)
 y - 31 bolts of flame
 A - 27 bolts of penetration
Armour
 h - a +1 cloak of poison resistance (worn)
 m - a +3 leather armour of magic resistance
 p - a +0 pair of boots (worn)
 q - a +0 pair of gloves (worn)
 Q - the +4 helmet of the Pits of Slime (worn) {rF++ Slay+2}
   (You bought it in a shop on level 4 of the Dungeon)

   It affects your accuracy and damage with ranged weapons and melee attacks
   (+2).
   It greatly protects you from fire.
 R - a +0 chain mail of cold resistance (worn)
Jewellery
 B - a ring of positive energy (right hand)
 X - a ring of protection from magic (left hand)
Magical devices
 n - a wand of lightning (0)
 t - a wand of cold (3)
 I - a wand of fire (0)
 M - a wand of lightning (0)
 O - a wand of cold (0)
Scrolls
 a - a scroll of silence
 c - a scroll of vulnerability {unknown}
 e - 5 scrolls of teleportation
 g - a scroll of summoning {unknown}
 k - 2 scrolls of fog
 o - 4 scrolls of remove curse
 w - 4 scrolls of blinking
 z - 2 scrolls of fear {unknown}
 D - a scroll of enchant armour {unknown}
 K - a scroll of amnesia {unknown}
 L - 2 scrolls of recharging
Potions
 b - 6 potions of agility
 i - 2 potions of flight
 j - 5 potions of might
 l - a potion of cure mutation {unknown}
 v - a potion of magic {unknown}
 x - 2 potions of ambrosia
 C - a potion of resistance {unknown}
 E - 2 potions of berserk rage {unknown}
 J - 4 potions of haste {unknown}
 P - a potion of heal wounds {unknown}
 S - 2 potions of cancellation {unknown}
 T - 3 potions of curing
 U - 3 potions of brilliance {unknown}
 W - 2 potions of mutation {unknown}
 Y - a potion of lignification {unknown}
Miscellaneous
 V - a sack of spiders {used: 6}
Comestibles
 d - 11 fruits
 G - 2 meat rations
 N - 7 slices of pizza


   Skills:
 + Level 10.8 Fighting
 - Level 4.0 Polearms
 * Level 13.8 Crossbows
 + Level 7.9 Armour
 + Level 11.2 Dodging
 - Level 1.0 Stealth


You had 10 spell levels left.
You knew the following spells:

 Your Spells              Type           Power        Failure   Level  Hunger
a - Sublimation of Blood  Necr           #.........   100%        2    ###....


Dungeon Overview and Level Annotations

Branches:
Dungeon (11/15)            Temple (1/1) D:6            Lair (4/8) D:11
    Orc (1/4) D:9
  Swamp: Lair:3-6    Shoals: Lair:3-6     Snake: Lair:3-6    Spider: Lair:3-6

Altars:
Ashenzari
Cheibriados
Dithmenos
Elyvilon
Fedhas
Gozag
Kikubaaqudgha
Makhleb
Nemelex Xobeh
Okawaru
Qazlal
Ru
Sif Muna
Trog
Vehumet
Xom
Yredelemnul
Zin
The Shining One

Shops:
D:4 [!(

Annotations:
D:3 Johnny's ghost, average HuHu
D:4 Blork the orc


Innate Abilities, Weirdness & Mutations

Your spells are a little harder to cast, but a little more powerful.


Message History

a polar bear corpse; a yak corpse; a polar bear corpse The frost giant casts a spell at you.
The bolt of cold hits you! You resist.
Read which item? (? for menu, Esc to quit)
As you read the scroll of teleportation, it crumbles to dust.
You feel strangely unstable.
The frost giant points at you and mumbles some strange words.
The bolt of cold misses you. The frost giant casts a spell at you.
The bolt of cold hits you! You resist.
* * * LOW HITPOINT WARNING * * *
Firing (i - inventory. (,) - cycle):
u - 11 poisoned bolts (quivered)
Press: ? - help, Shift-Dir - straight line, f/p - frost giant
Aim: a frost giant, wielding a battleaxe of freezing (moderately wounded)
You shoot a poisoned bolt. The poisoned bolt hits the frost giant.
The frost giant is poisoned.
The frost giant is moderately wounded.
The frost giant casts a spell at you. The bolt of cold hits you! You resist.
You die...

#### ######## ########
#.÷######......## ##......##
.##÷÷##..##.....####..###...##
####≈≈≈######....#...###.†⌠..#
##≈≈≈#≈ ###....### ##...##
#≈≈≈≈≈≈≈ #[.####### #..### #
#≈≈≈≈≈≈≈##.#[ ###..####..#
###≈≈≈≈≈≈≈≈≈ ####†.##.#..###
..#≈≈≈≈≈≈≈≈####.@#####.###
..##≈≈≈≈≈≈#.%C.### ###
#..##≈≈≈###†#### .####≈≈≈ #..#
## ##.. .# ##.. ## #.h #.. ...


You could see a frost giant.

Vanquished Creatures
  Gastronok (D:9)
  A hydra (Lair:4)
  A death yak (IceCv)
  2 ice statues
  2 hill giants (D:10)
  The ghost of spanner the Ogre Mage, an experienced OgWz of Kikubaaqudgha (D:6)
  An ugly thing (D:11)
  2 griffons (Lair:2)
  3 black mambas
  A gargoyle (D:11)
  3 spiny frogs
  4 komodo dragons
  20 polar bears
  A freezing wraith (Lair:3)
  2 two-headed ogres
  A basilisk (Lair:3)
  3 blink frogs (Lair:1)
  2 fire bats (Lair:2)
  A deep elf mage (D:11)
  A human (D:8)
  23 yaks
  15 wolves (IceCv)
  A hippogriff (Lair:2)
  A hungry ghost (D:10)
  Menkaure (D:4)
  3 water moccasins
  3 porcupines
  12 ice beasts
  A black bear (D:8)
  2 orc warriors (D:8)
  A phantom (D:5)
  5 ogres
  3 sky beasts
  A centaur (D:8)
  8 crocodiles
  A big kobold (D:11)
  10 giant frogs
  6 scorpions
  13 killer bees
  2 electric eels (Lair:2)
  11 hounds
  A goliath beetle (D:9)
  4 crimson imps
  A quasit (D:7)
  5 wights (D:11)
  2 giant frog skeletons (D:10)
  A jelly (D:10)
  A giant frog zombie (D:9)
  11 iguanas
  A gnoll shaman (D:6)
  3 orc priests
  6 orc wizards
  12 sheep
  2 hell rats (D:11)
  7 worker ants
  3 worker ant zombies
  A hound skeleton (D:5)
  A river rat (D:11)
  17 adders
  3 giant mites
  4 gnolls (D:6)
  5 shadow imps
  4 white imps (Lair:3)
  4 worms
  2 adder zombies
  26 orcs
  2 ball pythons
  A bat skeleton (D:7)
  8 giant cockroaches
  15 hobgoblins
  10 jackals
  12 quokkas
  16 bats
  5 giant geckos
  4 giant newts
  10 goblins
  14 kobolds
  16 rats
  8 ballistomycetes (D:8)
  2 fungi (Lair:2)
  A plant (Lair:2)
427 creatures vanquished.

Vanquished Creatures (collateral kills)
  2 yaks (D:10)
  A wolf (IceCv)
3 creatures vanquished.

Vanquished Creatures (others)
  A polar bear (IceCv)
  A yak (IceCv)
  6 spiders
  A giant mite (IceCv)
  A giant spore (D:8)
  A ballistomycete (D:8)
11 creatures vanquished.

Grand Total: 441 creatures vanquished

Notes
Turn   | Place    | Note
--------------------------------------------------------------
     0 | D:1      | Johnny, the Human Hunter, began the quest for the Orb.
     0 | D:1      | Reached XP level 1. HP: 16/16 MP: 1/1
    94 | D:1      | Reached XP level 2. HP: 22/22 MP: 2/2
   480 | D:1      | Reached XP level 3. HP: 28/28 MP: 3/3
   793 | D:2      | Reached XP level 4. HP: 17/34 MP: 4/4
  1376 | D:3      | Reached skill level 5 in Crossbows
  1628 | D:3      | Noticed Johnny's ghost (average HuHu)
  2010 | D:3      | Reached XP level 5. HP: 40/40 MP: 5/5
  2093 | D:3      | Found a white marble altar of Elyvilon.
  2599 | D:4      | Noticed Menkaure
  2608 | D:4      | Killed Menkaure
  2608 | D:4      | Reached XP level 6. HP: 10/47 MP: 6/6
  2668 | D:4      | Found Tratyutuu's Antique Armour Shoppe.
  2678 | D:4      | Bought an embroidered cloak for 94 gold pieces
  2725 | D:4      | Reached skill level 6 in Crossbows
  2784 | D:4      | Found a shattered altar of Ashenzari.
  2890 | D:4      | Found Jeharr's Distillery.
  3075 | D:4      | Found a glowing drain.
  3079 | Sewer    | Entered a sewer
  3164 | Sewer    | Reached XP level 7. HP: 28/53 MP: 7/7
  3415 | D:4      | Found Juoq Ilah's Weapon Emporium.
  3828 | D:4      | Noticed Blork the orc
  3949 | D:4      | Bought a runed leather armour for 42 gold pieces
  3971 | D:5      | Entered Level 5 of the Dungeon
  3996 | D:5      | Found a snail-covered altar of Cheibriados.
  4363 | D:5      | Reached skill level 7 in Crossbows
  4363 | D:5      | Reached XP level 8. HP: 61/61 MP: 8/8
  4467 | D:6      | Found a glowing golden altar of the Shining One.
  4579 | D:6      | Gained mutation: Your spells are a little harder to cast, but a little more powerful. [potion of beneficial mutation]
  4600 | D:6      | Noticed spanner's ghost (experienced OgWz)
  4613 | D:6      | Found a staircase to the Ecumenical Temple.
  4617 | Temple   | Entered the Ecumenical Temple
  4640 | Temple   | Became a worshipper of Warmaster Okawaru
  5052 | D:6      | Killed spanner's ghost
  5052 | D:6      | Reached skill level 5 in Fighting
  5052 | D:6      | Reached skill level 8 in Crossbows
  5052 | D:6      | Reached skill level 5 in Dodging
  5238 | D:6      | Acquired Okawaru's first power
  5362 | D:6      | Found a stormy altar of Qazlal.
  5362 | D:6      | Noticed an air elemental
  5384 | D:6      | Reached XP level 9. HP: 68/68 MP: 9/9
  6298 | D:7      | Reached skill level 9 in Crossbows
  7225 | D:8      | Reached skill level 1 in Polearms
  7225 | D:8      | Reached skill level 1 in Armour
  7387 | D:8      | Reached XP level 10. HP: 72/77 MP: 10/10
  8118 | D:8      | Reached skill level 10 in Crossbows
  8522 | D:4      | Bought a polished helmet for 199 gold pieces
  8532 | D:4      | Identified the +4 helmet of the Pits of Slime {rF++ Slay+2} (You bought it in a shop on level 4 of the Dungeon)
  8711 | D:9      | Received a gift from Okawaru
  8831 | D:9      | Found a snail-covered altar of Cheibriados.
  8840 | D:9      | Found a staircase to the Orcish Mines.
  8990 | D:9      | Found a blossoming altar of Fedhas.
  9108 | D:9      | Found a shimmering altar of Xom.
  9382 | D:9      | Found a burning altar of Makhleb.
  9592 | D:10     | Entered Level 10 of the Dungeon
  9592 | D:10     | Noticed a hill giant
  9655 | Orc:1    | Entered Level 1 of the Orcish Mines
  9655 | Orc:1    | Noticed Gastronok
  9982 | D:9      | Killed Gastronok
  9982 | D:9      | Received a gift from Okawaru
  9982 | D:9      | Received a gift from Okawaru
  9982 | D:9      | Reached XP level 11. HP: 59/85 MP: 11/11
 10211 | D:10     | Noticed a hill giant
 10229 | D:10     | Killed a hill giant
 10229 | D:10     | Received a gift from Okawaru
 10351 | D:10     | Noticed a hill giant
 10362 | D:10     | Killed a hill giant
 10362 | D:10     | Reached skill level 5 in Armour
 10606 | D:10     | Acquired Okawaru's second power
 10946 | D:10     | Found a bloodstained altar of Trog.
 11390 | D:10     | Received a gift from Okawaru
 11407 | D:11     | Noticed a white ugly thing
 11417 | D:11     | Killed a white ugly thing
 11417 | D:11     | Reached skill level 11 in Crossbows
 11574 | D:11     | Found a staircase to the Lair.
 12399 | D:11     | Noticed a five-headed hydra
 12413 | Lair:1   | Entered Level 1 of the Lair of Beasts
 12657 | Lair:1   | Received a gift from Okawaru
 12734 | Lair:1   | Reached XP level 12. HP: 95/95 MP: 12/12
 13059 | Lair:1   | Got a steaming leather armour
 13070 | Lair:1   | Identified the +2 leather armour of Shrierec {rElec rN+} (You found it on level 1 of the Lair of Beasts)
 13337 | Lair:2   | Received a gift from Okawaru
 13412 | Lair:2   | Reached skill level 12 in Crossbows
 14456 | Lair:3   | Reached skill level 10 in Dodging
 14747 | Lair:3   | Received a gift from Okawaru
 14827 | Lair:3   | Reached skill level 10 in Fighting
 14846 | Lair:3   | Learned a level 2 spell: Sublimation of Blood
 15450 | Lair:4   | Noticed a six-headed hydra
 15459 | Lair:4   | Killed a six-headed hydra
 15459 | Lair:4   | Reached skill level 13 in Crossbows
 15459 | Lair:4   | Reached XP level 13. HP: 50/103 MP: 13/13
 15513 | Lair:4   | Found a frozen archway.
 15522 | IceCv    | Entered an ice cave
 16303 | IceCv    | Received a gift from Okawaru
 16931 | IceCv    | Noticed a frost giant
 16942 | IceCv    | Killed from afar by a frost giant

Action                   |  1- 3 |  4- 6 |  7- 9 | 10-12 | 13-15 || total
-------------------------+-------+-------+-------+-------+-------++-------
Melee: Morningstar       |       |       |    44 |       |       ||    44
       Short sword       |       |       |    64 |       |       ||    64
       Halberd           |       |       |    96 |   267 |       ||   363
       Dagger            |       |       |       |    59 |       ||    59
       Arbalest          |       |       |       |     1 |       ||     1
 Fire: Hand crossbow     |    62 |   167 |   227 |    93 |       ||   549
       Arbalest          |       |       |       |   350 |   177 ||   527
Evoke: Wand              |       |       |     8 |    15 |     7 ||    30
       Sack of spiders   |       |       |       |     3 |     3 ||     6
  Use: Scroll            |       |     3 |     4 |    14 |     2 ||    23
       Potion            |       |       |     1 |       |       ||     1
 Stab: Sleeping          |       |       |     4 |     7 |       ||    11
       Confused          |       |       |     1 |     1 |       ||     2
       Distracted        |       |       |       |     3 |       ||     3
  Eat: Chunk             |       |     5 |     8 |    21 |     6 ||    40
       Pizza             |       |     1 |     1 |     1 |       ||     3
       Beef jerky        |       |       |     2 |       |       ||     2
       Fruit             |       |       |     1 |     2 |       ||     3
